 Dungeon Crawl Stone Soup version 0.23-a0-326-gb49dddc804 (webtiles) character file.

35110 Napalmbreeze the Thaumaturge (level 13, 0/78 HPs)
             Began as a Deep Elf Fire Elementalist on Oct 16, 2018.
             Was a High Priest of Vehumet.
             Slain by a basilisk (5 damage)
             ... on level 6 of the Lair of Beasts.
             The game lasted 01:04:00 (19483 turns).

Napalmbreeze the Thaumaturge (DEFE)                Turns: 19483, Time: 01:04:00

Health: 0/78       AC:  6    Str:  5    XL:     13   Next: 45%
Magic:  0/42       EV:  2    Int: 31    God:    Vehumet [*****.]
Gold:   1043       SH:  0    Dex: 15    Spells: 2/41 levels left

rFire    + . .     SeeInvis .   v - +1 dagger (flame)
rCold    + . .     Gourm    .   (no shield)
rNeg     + + +     Faith    .   a - +0 robe
rPois    ∞         Spirit   +   (no helmet)
rElec    .         Reflect  .   P - scarf {rC+ rF+}
rCorr    .         Harm     .   F - +0 pair of gloves
MR       +....                  w - +2 pair of boots
Stlth    ++........             s - amulet of guardian spirit
HPRegen  0.23/turn              N - ring of magical power
MPRegen  0.28/turn              T - +5 ring of intelligence

@: petrified, studying Poison Magic
A: no striking features
a: Renounce Religion


You were on level 6 of the Lair of Beasts.
You worshipped Vehumet.
Vehumet was extremely pleased with you.
You were not hungry.

You visited 3 branches of the dungeon, and saw 18 of its levels.
You also visited: Labyrinth.

You collected 1238 gold pieces.
You spent 195 gold pieces at shops.

Inventory:

Hand Weapons
 v - a +1 dagger of flaming (weapon)
Armour
 a - a +0 robe (worn)
 h - a +0 buckler
 w - a +2 pair of boots (worn)
 y - a +2 cloak
 F - a +0 pair of gloves (worn)
 P - a scarf of resistance (worn)
Jewellery
 b - an uncursed ring of poison resistance
 s - an amulet of guardian spirit (around neck)
 I - an uncursed ring of positive energy
 N - a ring of magical power (left hand)
 O - an uncursed ring of see invisible
 T - a +5 ring of intelligence (right hand)
 V - an uncursed ring of ice {unknown}
Wands
 d - a wand of polymorph (19)
 u - a wand of iceblast (9)
 z - a wand of flame (23)
 B - a wand of digging (12)
 E - a wand of paralysis (32)
 H - a wand of scattershot (3)
 M - a wand of clouds (3)
Scrolls
 e - 4 scrolls of enchant armour
 j - 4 scrolls of identify
 o - 13 scrolls of remove curse
 p - 3 scrolls of enchant weapon
 q - 3 scrolls of magic mapping
 r - 8 scrolls of teleportation
 t - 3 scrolls of immolation
 A - 3 scrolls of blinking
 G - a scroll of vulnerability
 K - 2 scrolls of silence
 L - a scroll of fear
 Q - a scroll of summoning
Potions
 f - 4 potions of curing
 g - a potion of invisibility {unknown}
 i - 2 potions of agility {unknown}
 k - 3 potions of lignification {unknown}
 l - 4 potions of heal wounds {unknown}
 m - 2 potions of mutation {unknown}
 n - 2 potions of ambrosia {unknown}
 x - 3 potions of might {unknown}
 C - 2 potions of cancellation {unknown}
 D - 2 potions of magic {unknown}
 J - a potion of haste {unknown}
 U - a potion of degeneration {unknown}
Books
 S - a manual of Poison Magic
Miscellaneous
 W - a box of beasts
Comestibles
 c - 15 rations


   Skills:
 - Level 8.0 Fighting
 - Level 10.0 Dodging
 - Level 2.4 Stealth
 + Level 14.8 Spellcasting
 - Level 10.3 Conjurations
 - Level 1.0 Summonings
 - Level 13.7 Fire Magic
 - Level 5.7 Poison Magic


You had 2 spell levels left.
You knew the following spells:

 Your Spells              Type           Power        Failure   Level  Hunger
a - Flame Tongue          Conj/Fire      #####        0%          1    None
d - Conjure Flame         Conj/Fire      #######.     1%          3    None
e - Fireball              Conj/Fire      #######...   1%          5    None
f - Sticky Flame          Conj/Fire      #######.     1%          4    None
r - Orb of Destruction    Conj           ######....   7%          7    #####..
s - Throw Flame           Conj/Fire      ######       0%          2    None
t - Ignition              Fire           #######...   13%         8    ######.
v - Swiftness             Chrm/Air       ###.....     3%          2    None
w - Spellforged Servitor  Conj/Summ      ######....   38%         7    #####..

Your spell library contained the following spells:

 Spells                   Type           Power        Failure   Level  Hunger
 Freezing Cloud           Conj/Ice/Air   #####.....   19%         6    ###....
 Animate Skeleton         Necr           N/A          1%          1    None
 Apportation              Tloc           ###...       1%          1    None
 Freeze                   Ice            ###.         1%          1    None
 Shock                    Conj/Air       ####         1%          1    None
 Summon Butterflies       Summ           ####....     1%          1    None
 Summon Small Mammal      Summ           ####         1%          1    None
 Call Imp                 Summ           ####....     1%          2    None
 Throw Frost              Conj/Ice       ######       1%          2    None
 Corpse Rot               Necr           N/A          3%          2    None
 Inner Flame              Hex/Fire       ######..     1%          3    None
 Static Discharge         Conj/Air       ######..     1%          3    None
 Stone Arrow              Conj/Erth      ######       1%          3    None
 Throw Icicle             Conj/Ice       ######..     1%          4    None
 Bolt of Magma            Conj/Fire/Erth ######....   1%          5    None
 Iskenderun's Battlesphe  Conj/Chrm      ######..     1%          5    None
 Lightning Bolt           Conj/Air       ######....   1%          5    None
 Venom Bolt               Conj/Pois      ######....   1%          5    None
 Call Canine Familiar     Summ           ####....     3%          3    None
 Summon Guardian Golem    Hex/Summ       ####....     4%          3    None
 Airstrike                Air            ###.......   5%          4    None
 Lesser Beckoning         Tloc           ###.......   6%          3    None
 Ozocubu's Armour         Chrm/Ice       ###.....     6%          3    None
 Tukima's Dance           Hex            ###.....     6%          3    None
 Iron Shot                Conj/Erth      ######....   11%         6    ###....
 Summon Ice Beast         Ice/Summ       ####....     16%         4    None
 Summon Lightning Spire   Summ/Air       ####....     16%         4    None
 Alistair's Intoxication  Tmut/Pois      #####...     17%         5    None
 Leda's Liquefaction      Hex/Erth       ###.......   21%         4    None
 Summon Forest            Summ/Tloc      ####......   41%         5    None
 Dispel Undead            Necr           ###.....     50%         5    None
 Hydra Form               Tmut           ###.......   97%         6    ###....
 Invisibility             Hex            ###.....     97%         6    ###....
 Summon Hydra             Summ           ####......   100%        7    #####..


Dungeon Overview and Level Annotations

Branches:
Dungeon (11/15)            Temple (1/1) D:5            Lair (6/6) D:11
 Shoals (0/4) Lair:2       Spider (0/4) Lair:4        Slime (0/5) Lair:6
    Orc: D:9-12

Altars:
Cheibriados
Dithmenos
Elyvilon
Fedhas
Gozag
Hepliaklqana
Makhleb
Nemelex Xobeh
Okawaru
Qazlal
Ru
Sif Muna
Trog
Uskayaw
Vehumet
Wu Jian
Xom
Yredelemnul
Zin
The Shining One

Shops:
D:4 [

Annotations:
D:5 2 transporters, splatterpode's ghost, novice OpEn
D:8 3 runed doors, feta's ghost, novice OpTm
Lair:5 3 runed doors, Meonost's ghost, journeyman FoFi


Message History

The spriggan hits you with a +5 short sword.
The basilisk bites you!
The spriggan hits you with a +5 short sword!
The basilisk bites you! The spriggan barely misses you. The basilisk bites you.
The spriggan hits you with a +5 short sword!
The basilisk bites you.
The spriggan hits you with a +5 short sword!
The basilisk bites you!
* * * LOW HITPOINT WARNING * * *
The spriggan hits you with a +5 short sword!
* * * LOW HITPOINT WARNING * * *
The basilisk barely misses you.
The spriggan hits you with a +5 short sword!
* * * LOW HITPOINT WARNING * * *
The basilisk gazes at you.
The spriggan hits you with a +5 short sword!
* * * LOW HITPOINT WARNING * * *
The basilisk bites you!
You die...

....P...#.######..#.#..#.#.....##
.###...####P.#....##....##.....#
## ##..####.P......#...........##
## ##..P##PP.............##.....#
.###.....P...........#.####.##.##
.....................P.####.#..##
..........#............#....#....
.##P...P..#.........P...#......#.
.#.............l@...........#P.#.
..#...P.≈≈....≈i....####.......##
........≈..≈≈.......#≈≈#....#..#
####...≈≈....≈≈≈..≈##≈######...##
***≈≈≈≈.≈≈≈≈≈≈.≈≈≈≈≈≈≈# ###..#
*≈≈≈≈≈≈≈≈≈≈≈≈≈≈≈≈≈≈≈≈## #P..#
****.....≈....≈.≈≈.##### #.P##
,,,,...≈≈.≈(≈......P##.# #P.##
,,,,...............###.#######..#


You could see a basilisk and a spriggan.

Vanquished Creatures
  A minotaur (Lab)
  4 hydras
  A lindwurm (Lair:5)
  An ugly thing (D:11)
  5 elephants (Lair:2)
  2 oklob plants (Lair:3)
  Maurice (D:8)
  A black mamba (Lair:3)
  8 spiny frogs
  3 torpor snails
  2 kobold demonologists (D:11)
  6 komodo dragons
  A rime drake (Lair:6)
  2 polar bears
  2 hornets (Lair:6)
  9 blink frogs
  Prince Ribbit (D:7)
  11 dream sheep
  9 hippogriffs
  4 spriggans (Lair:6)
  23 yaks
  2 wyverns
  3 redbacks (Lab)
  5 basilisks
  2 hungry ghosts
  Menkaure (D:7)
  10 water moccasins
  9 porcupines
  4 ice beasts
  3 sky beasts
  3 black bears
  7 ogres
  5 orc warriors
  15 wolves
  3 boggarts (Lair:6)
  8 centaurs
  13 crocodiles
  15 bullfrogs
  2 big kobolds
  A wyvern skeleton (D:7)
  3 scorpions
  An electric eel (Lair:3)
  4 howler monkeys
  2 centaur zombies (D:6)
  A crimson imp (D:7)
  7 hounds
  13 jellies
  2 centaur skeletons
  11 orc wizards
  4 orc priests
  3 bullfrog skeletons
  2 iguanas
  Ijyb (D:5)
  Terence (D:2)
  11 worker ants
  2 killer bee zombies (D:9)
  3 gnolls (D:10)
  11 adders
  2 shadow imps
  An ooze (Lair:6)
  An adder zombie (D:6)
  An adder skeleton (D:9)
  2 worms (D:2)
  A dart slug (D:4)
  2 leopard geckos
  36 orcs
  2 bats (D:3)
  2 giant cockroaches
  7 goblins
  3 hobgoblins (D:2)
  11 jackals
  2 quokkas
  3 frilled lizards
  A giant cockroach zombie (D:5)
  A jackal skeleton (D:8)
  18 kobolds
  A leopard gecko skeleton (D:5)
  A leopard gecko zombie (D:8)
  A quokka zombie (D:10)
  3 rats
  A fungus (Lair:2)
  2 plants
395 creatures vanquished.

Vanquished Creatures (others)
  13 fungi
  6 plants
19 creatures vanquished.

Grand Total: 414 creatures vanquished

Notes
Turn   | Place    | Note
-------+----------+-------------------------------------------
     0 | D:1      | Napalmbreeze the Deep Elf Fire Elementalist began the quest
                  | for the Orb.
     0 | D:1      | Reached XP level 1. HP: 10/10 MP: 6/6
   437 | D:1      | Reached XP level 2. HP: 13/15 MP: 4/8
   467 | D:1      | Learned a level 2 spell: Throw Flame
  1338 | D:2      | Reached XP level 3. HP: 17/19 MP: 7/10
  1401 | D:2      | Noticed Terence
  1414 | D:2      | Learned a level 3 spell: Conjure Flame
  1427 | D:2      | Killed Terence
  1552 | D:2      | Found an iron altar of Okawaru.
  1661 | D:2      | Reached skill level 4 in Spellcasting
  1661 | D:2      | Reached XP level 4. HP: 23/24 MP: 3/12
  1669 | D:2      | Learned a level 4 spell: Sticky Flame
  1954 | D:2      | You fall through a shaft!
  1967 | D:3      | Found a sacrificial altar of Ru.
  2097 | D:3      | Found a blossoming altar of Fedhas.
  2849 | D:3      | You fall through a shaft for 3 floors!
  2858 | D:6      | Reached XP level 5. HP: 20/28 MP: 4/13
  2973 | D:6      | Reached skill level 5 in Spellcasting
  2973 | D:6      | Reached XP level 6. HP: 28/32 MP: 5/15
  3002 | D:7      | Reached skill level 5 in Conjurations
  3361 | D:5      | Entered Level 5 of the Dungeon
  3505 | D:5      | Noticed Ijyb
  3544 | D:5      | Reached skill level 5 in Fire Magic
  3632 | D:5      | Reached XP level 7. HP: 36/36 MP: 17/17
  3675 | D:4      | Found Deckio's Antique Armour Shop.
  3701 | D:4      | Reached skill level 6 in Spellcasting
  4266 | D:4      | Learned a level 5 spell: Fireball
  4283 | D:4      | Bought a pair of embroidered boots for 195 gold pieces
  4579 | D:5      | Found a burning altar of Makhleb.
  4626 | D:5      | Noticed splatterpode's ghost (novice OpEn)
  4640 | D:5      | Found a transporter.
  4704 | D:5      | Found a transporter.
  4865 | D:5      | Killed Ijyb
  4865 | D:5      | Reached XP level 8. HP: 31/42 MP: 15/19
  4917 | D:5      | Reached skill level 1 in Fighting
  5120 | D:5      | Found a hazy altar of Hepliaklqana.
  5414 | D:5      | Found a staircase to the Ecumenical Temple.
  5420 | Temple   | Entered the Ecumenical Temple
  5478 | Temple   | Became a worshipper of Vehumet
  5756 | D:6      | Reached skill level 7 in Spellcasting
  6126 | D:6      | Found a deep blue altar of Sif Muna.
  6126 | D:6      | Found a hide-covered altar of Uskayaw.
  6250 | D:7      | Noticed Menkaure
  6315 | D:7      | Killed Menkaure
  6428 | D:7      | Reached XP level 9. HP: 49/49 MP: 22/22
  6473 | D:7      | Reached skill level 8 in Spellcasting
  7092 | D:7      | Noticed Prince Ribbit
  7100 | D:7      | Killed Prince Ribbit
  7106 | D:7      | Reached * piety under Vehumet
  7106 | D:7      | Offered knowledge of Sandblast by Vehumet.
  7343 | D:8      | Noticed Maurice
  7348 | D:8      | Killed Maurice
  7352 | D:8      | Reached skill level 10 in Conjurations
  7516 | D:8      | Reached skill level 9 in Spellcasting
  8071 | D:8      | Found a runed gate.
  8071 | D:8      | Found a runed gate.
  8072 | D:8      | Found a runed gate.
  8075 | D:8      | Noticed feta's ghost (novice OpTm)
  8444 | D:9      | Identified the Compendium of Doomed Heat
  8632 | D:9      | Reached XP level 10. HP: 56/56 MP: 22/25
  8837 | D:9      | Reached skill level 10 in Spellcasting
  9069 | D:9      | Found a white marble altar of Elyvilon.
  9252 | D:10     | Entered Level 10 of the Dungeon
  9342 | D:10     | Reached ** piety under Vehumet
  9342 | D:10     | Offered knowledge of Searing Ray by Vehumet.
  9609 | D:10     | Learned a level 2 spell: Swiftness
  9946 | D:10     | Found a sacrificial altar of Ru.
 10034 | D:11     | Found a staircase to the Lair.
 10068 | D:11     | Noticed a white ugly thing
 10069 | D:11     | Reached skill level 11 in Spellcasting
 10207 | D:11     | Reached skill level 5 in Fighting
 10214 | D:11     | Reached skill level 5 in Dodging
 10378 | D:11     | Offered knowledge of Dazzling Spray by Vehumet.
 10699 | D:11     | Reached XP level 11. HP: 64/64 MP: 28/28
 10779 | D:11     | Killed a white ugly thing
 11151 | D:11     | Reached *** piety under Vehumet
 11290 | D:11     | Reached skill level 12 in Spellcasting
 11477 | Lair:1   | Entered Level 1 of the Lair of Beasts
 11519 | Lair:1   | Reached skill level 10 in Fire Magic
 12010 | Lair:1   | Noticed an eight-headed hydra
 12016 | Lair:1   | Killed an eight-headed hydra
 12653 | Lair:2   | Offered knowledge of Ignite Poison by Vehumet.
 12664 | Lair:2   | Found a staircase to the Shoals.
 13035 | Lair:2   | Reached XP level 12. HP: 38/71 MP: 7/30
 13120 | Lair:2   | Reached skill level 13 in Spellcasting
 13629 | Lair:2   | Noticed a six-headed hydra
 13648 | Lair:2   | Killed a six-headed hydra
 14957 | Lair:4   | Found a hole to the Spider Nest.
 14989 | Lair:4   | Reached skill level 1 in Poison Magic
 15026 | Lair:4   | Reached **** piety under Vehumet
 15026 | Lair:4   | Noticed a seven-headed hydra
 15030 | Lair:4   | Killed a seven-headed hydra
 15638 | Lair:4   | Offered knowledge of Lee's Rapid Deconstruction by Vehumet.
 16421 | Lair:4   | Learned a level 8 spell: Ignition
 16854 | Lair:5   | Found a runed gate.
 16854 | Lair:5   | Found a runed gate.
 16854 | Lair:5   | Found a runed gate.
 17032 | Lair:5   | Found a snail-covered altar of Cheibriados.
 17086 | Lair:5   | Noticed Meonost's ghost (journeyman FoFi)
 17157 | Lair:5   | Found an ornate altar of the Wu Jian Council.
 17346 | Lair:5   | Reached skill level 5 in Poison Magic
 17409 | Lair:6   | Entered Level 6 of the Lair of Beasts
 17529 | Lair:6   | Reached XP level 13. HP: 56/77 MP: 31/32
 17535 | Lair:6   | Found a labyrinth entrance.
 17546 | Lab      | Entered a labyrinth
 17985 | Lab      | Noticed a minotaur
 18137 | Lab      | Found an exit through the horrors of the Abyss.
 18146 | Lab      | Learned a level 7 spell: Orb of Destruction
 18433 | Lab      | Killed a minotaur
 18433 | Lab      | Reached skill level 14 in Spellcasting
 18552 | Lair:6   | Found an opulent altar of Gozag.
 18694 | Lair:6   | Found a staircase to the Slime Pits.
 18897 | Lair:6   | Paralysed by a hornet for 1 turns
 19081 | Lair:6   | Learned a level 7 spell: Spellforged Servitor
 19233 | Lair:6   | Reached ***** piety under Vehumet
 19233 | Lair:6   | Reached skill level 10 in Dodging
 19258 | Lair:6   | Reached skill level 1 in Summonings
 19262 | Lair:6   | Offered knowledge of Freezing Cloud by Vehumet.
 19483 | Lair:6   | Slain by a basilisk

Vault maps used:
D:1:      mrwooster_arrival_statue_3, minmay_misc_feat_cross
D:2:      nicolae_overflow_crystal_walls, nrook_mini_backslash, feat_on_display,
          uniq_terence
D:3:      overflow_temple_1_default, lemuel_statue_altar
D:4:      serial_shops, nicolae_shop_overgrown_old_shop
D:5:      lemuel_doored_altar, minmay_temple_entry_hall, first_ration,
          serial_bayou, serial_bayou_ford_a, serial_bayou_lagoon_a,
          serial_bayou_pond_d, serial_bayou_pond_b, gammafunk_ghost_stat_death,
          minivault_1, makhleb_blood_cavern_becter, uniq_ijyb
D:6:      gammafunk_temple_overflow_elements
D:7:      uniq_menkaure, uniq_prince_ribbit1
D:8:      gammafunk_ghost_spectres, uniq_maurice
D:9:      kennysheep_little_box
D:10:     nicolae_ru_path_of_blood
D:11:     david_lair_generic
Temple:   regret_index_temple_waves
Lair:1:   grunt_megastairs_5
Lair:2:   shoals_dummy_entry, grunt_megastairs_2
Lair:3:   minivault_11, bh_chokoban, minmay_lair_oklob_chamber,
          lemuel_fruit_fields, infiniplex_staircase_pool
Lair:4:   dummy_spider_entry
Lair:5:   gammafunk_ghost_necromancy, basic_altar, kennysheep_snail_temple,
          grunt_megastairs_4
Lair:6:   minmay_lair_end_enchanted_forest, minmay_slime_entry_jelly_boxes,
          lab_entry_generic, chequers_serial_rivers_micro_b,
          chequers_serial_rivers_small_3, lemuel_centaur_altar
Lab:      nicolae_lab_swirl, nicolae_lab_hexagon, nicolae_lab_stuck,
          nicolae_lab_statue, labyrinth_fake_exit, nicolae_lab_dead_end,
          nicolae_lab_big_swirl, nicolae_lab_plus

Skill      XL: |  1  2  3  4  5  6  7  8  9 10 11 12 13 |
---------------+----------------------------------------+-----
Conjurations   | 2 3 4 5 7 8 10 | 10.3
Spellcasting   | 4 5 6 7 9 11 12 13 14 | 14.8
Fire Magic     | 4 5 6 7 8 9 11 13 | 13.7
Fighting       | 2 4 5 6 7 8 |  8.0
Dodging        | 5 7 9 10 | 10.0
Poison Magic   | 5 |  5.7
Summonings     | 1 |  1.0
Stealth        | |  2.4

Action                   |  1- 3 |  4- 6 |  7- 9 | 10-12 | 13-15 || total
-------------------------+-------+-------+-------+-------+-------++-------
Melee: Dagger            |     3 |     6 |     3 |    20 |       ||    32
       Unarmed           |     2 |       |       |       |       ||     2
 Cast: Flame Tongue      |    41 |    53 |   218 |   260 |    58 ||   630
       Throw Flame       |    13 |    12 |    43 |   151 |    39 ||   258
       Conjure Flame     |     2 |     1 |     8 |    11 |     5 ||    27
       Sticky Flame      |       |     6 |    20 |    68 |    25 ||   119
       Fireball          |       |       |    12 |    69 |    20 ||   101
       Orb of Destructio |       |       |       |       |     4 ||     4
       Ignition          |       |       |       |       |     1 ||     1
Evoke: Wand              |       |       |     4 |     2 |       ||     6
  Use: Scroll            |       |       |     2 |    14 |     3 ||    19
       Potion            |       |       |       |     1 |     1 ||     2
 Stab: Sleeping          |     1 |     1 |       |       |       ||     2
  Eat: Chunk             |     3 |     7 |    14 |    25 |     2 ||    51
       Ration            |       |       |     2 |     2 |     2 ||     6
Armor: Robe              |     7 |     5 |    12 |    30 |     3 ||    57
Dodge: Dodged            |    21 |    39 |    44 |   119 |    44 ||   267

Table legend:
 A = Non-vault XP
 B = Vault XP
 C = Vault XP percentage of total XP
 D = Non-vault monster count
 E = Vault monster count
 F = Vault count percentage of total count
                 A         B        C        D         E       F
            +---------+---------+-------+---------+---------+-------
      Total |   41137 |    9021 |  18.0 |     334 |      58 |  14.8
            +---------+---------+-------+---------+---------+-------
        D:1 |      36 |       0 |   0.0 |      22 |       0 |   0.0
        D:2 |      59 |      36 |  37.9 |      11 |       1 |   8.3
        D:3 |      73 |       0 |   0.0 |      17 |       0 |   0.0
        D:4 |     494 |       0 |   0.0 |      19 |       0 |   0.0
        D:5 |     389 |     153 |  28.2 |      18 |       6 |  25.0
        D:6 |     914 |       0 |   0.0 |      19 |       0 |   0.0
        D:7 |    1476 |     425 |  22.4 |      23 |       2 |   8.0
        D:8 |     669 |     480 |  41.8 |      12 |       1 |   7.7
        D:9 |    1525 |       0 |   0.0 |      24 |       0 |   0.0
       D:10 |    1148 |       0 |   0.0 |      18 |       0 |   0.0
       D:11 |    4142 |     773 |  15.7 |      34 |       4 |  10.5
     Lair:1 |    3684 |     262 |   6.6 |      15 |       1 |   6.2
     Lair:2 |    7408 |       0 |   0.0 |      27 |       0 |   0.0
     Lair:3 |    1233 |    1062 |  46.3 |       6 |       2 |  25.0
     Lair:4 |    5810 |       0 |   0.0 |      23 |       0 |   0.0
     Lair:5 |    4040 |    1087 |  21.2 |      18 |       3 |  14.3
     Lair:6 |    6868 |    3709 |  35.1 |      27 |      33 |  55.0
        Lab |    1169 |    1034 |  46.9 |       1 |       5 |  83.3
            +---------+---------+-------+---------+---------+-------
